 Dungeon Crawl Stone Soup version 0.30-a0-772-g5528072125 (webtiles) character file.

Game seed: 2735703233188905681

189 NotBilly007 the Shield-Bearer (level 6, 0/48 HPs)
             Began as a Formicid Fighter on Feb 12, 2023.
             Killed by divine providence
             ... invoked by an orc priest
              (15 damage)
             ... on level 4 of the Dungeon.
             The game lasted 00:10:43 (3114 turns).

NotBilly007 the Shield-Bearer (Formicid Fighter)    Turns: 3114, Time: 00:10:44

Health: 0/48       AC:  8    Str: 20    XL:     6   Next: 0%
Magic:  9/9        EV:  9    Int:  8    God:
Gold:   185        SH:  5    Dex: 15    Spells: 9/9 levels left

rFire   . . .      SeeInvis +    a - +0 war axe
rCold   . . .      Faith    .    c - +0 buckler
rNeg    . . .      Spirit   .    b - +0 scale mail
rPois   .          Reflect  .    (helmet unavailable)
rElec   .          Harm     .    r - +0 cloak {Will+}
rCorr   .          Rampage  .    (no gloves)
Will    +....                    (no boots) Stlth
                                 (no amulet)
HPRegen 0.28/turn                (no ring)
MPRegen 0.11/turn                (no ring)

@: no status effects
A: permanent stasis, dig shafts and tunnels, antennae 3, four strong arms
a: Dig, Shaft Self


You were on level 4 of the Dungeon.
You visited 1 branch of the dungeon, and saw 4 of its levels.

You collected 185 gold pieces.

Inventory:

Hand Weapons
 a - a +0 war axe (weapon)
 q - a +3 flail of holy wrath
Armour
 b - a +0 scale mail (worn)
 c - a +0 buckler (worn)
 r - a +0 cloak of willpower (worn)
Scrolls
 e - 3 scrolls of poison {unknown}
 f - a scroll of immolation {unknown}
 g - a scroll of summoning {unknown}
 h - 2 scrolls of amnesia {unknown}
 i - a scroll of teleportation {unknown}
 m - a scroll of vulnerability {unknown}
 n - a scroll of fog {unknown}
 s - 4 scrolls of identify
Potions
 d - a potion of might
 j - 3 potions of curing
 k - a potion of attraction {unknown}
 l - a potion of lignification {unknown}
 o - a potion of flight {unknown}
 p - a potion of resistance
 t - a potion of heal wounds {unknown}


   Skills:
 + Level 4.2 Fighting
 + Level 3.1 Axes
 - Level 3.4 Armour
 + Level 5.2 Shields
 + Level 2.1 Spellcasting
 + Level 1.5 Evocations


You had 9 spell levels left.
You didn't know any spells.
Your spell library was empty.

Dungeon Overview and Level Annotations

Branches:
Dungeon (4/15)
 Temple: D:4-7

Altars:
Hepliaklqana
Zin


Innate Abilities, Weirdness & Mutations

You cannot be hasted, slowed, berserked, paralysed or teleported.
You can dig through walls and to a lower floor.
You have a pair of large antennae on your head. (SInv)
Your four strong arms can wield two-handed weapons with a shield.


Message History

The orc priest is wielding a +1 hand axe of venom.
The orc shouts!
You hear a shout!
The orc wizard hits you with a +0 dagger.
You slash the orc wizard!
The orc wizard is almost dead.
The orc priest begins to cast a cantrip, but forgets the words!
The orc hits you with a +0 flail.
The orc wizard hits you with a +0 dagger.
You hit the orc wizard.
You kill the orc wizard!
You closely miss the orc. The orc barely misses you.
You slash the orc!
You kill the orc!
You have reached level 6!
You closely miss the orc priest.
The orc priest invokes the aid of Beogh against you.
You resist with some effort.
You hit the orc priest but do no damage.
The orc priest hits you with a +1 hand axe of venom.
You are poisoned.
An orc wizard comes into view. It is wielding a +0 dagger.
You hit the orc priest.
The orc priest is lightly wounded.
You feel very sick.
The orc priest invokes the aid of Beogh against you.
Beogh smites you!
* * * LOW HITPOINT WARNING * * *
The orc wizard casts a spell at you. You resist with almost no effort.
You are too injured to fight recklessly!
You are too injured to fight recklessly!
You are too injured to fight recklessly!
You are too injured to fight recklessly!
You are too injured to fight recklessly!
You are too injured to fight recklessly!
You are too injured to fight recklessly!
You feel better.
The orc priest calls down the wrath of Beogh upon you.
Beogh smites you!
You die...

...# #.##### ....
#.o.)o#
...#############@#
...##............#
...##.############
...##># ...##.#
...##'######
...........#
...........#
...........#


You could see an orc priest and an orc wizard.

Vanquished Creatures
  An orc priest (D:3)
  An orc wizard (D:4)
  4 gnolls (D:3)
  2 worms (D:3)
  A dart slug (D:1)
  12 orcs
  7 endoplasms
  2 giant cockroaches
  8 goblins
  4 hobgoblins
  3 quokkas
  10 ball pythons
  5 bats
  2 frilled lizards
  8 kobolds
  5 rats
75 creatures vanquished.

Vanquished Creatures (others)
  16 plants (D:3)
16 creatures vanquished.

Grand Total: 91 creatures vanquished

Notes
Turn   | Place    | Note
-------+----------+-------------------------------------------
     0 | D:1      | NotBilly007 the Formicid Fighter began the quest for the
                  | Orb.
     0 | D:1      | Reached XP level 1. HP: 18/18 MP: 1/1
   247 | D:1      | Reached XP level 2. HP: 24/24 MP: 2/2
   340 | D:1      | Found a faded altar of an unknown god.
   784 | D:1      | Reached XP level 3. HP: 26/29 MP: 4/4
   979 | D:2      | Reached skill level 1 in Spellcasting
  1416 | D:2      | Reached XP level 4. HP: 31/37 MP: 6/6
  1904 | D:3      | Reached XP level 5. HP: 41/42 MP: 7/7
  2029 | D:3      | Reached skill level 1 in Evocations
  2035 | D:3      | Reached skill level 5 in Shields
  2331 | D:3      | Found a glowing silver altar of Zin.
  2335 | D:3      | Found a hazy altar of Hepliaklqana.
  3111 | D:4      | Reached XP level 6. HP: 31/48 MP: 9/9
  3114 | D:4      | Killed from afar by an orc priest

Illustrated notes

Levels and vault maps discovered:
D:1:      dpeg_arrival_water_temple_mockup, layout_loops_corners,
          shapermc_ecumenical_altar_starsandcircs, hangedman_decor_push
D:2:      layout_rooms, kennysheep_generic_room_9
D:3:      layout_basic, chequers_temple_overflow_statue_of_worship,
          dreamdust_princess_bridge, nicolae_grassy_gnolls
D:4:      nicolae_BIG_FREAKIN_CUBE, layout_basic

Skill      XL: |  1  2  3  4  5 |
---------------+----------------+-----
Spellcasting   | 1 2 |  2.1
Fighting       | 4 |  4.2
Evocations     | 1 |  1.5
Shields        | 5 |  5.2
Axes           | 3 |  3.1
Armour         | |  3.4

Action                     |  1- 3 |  4- 6 || total
---------------------------+-------+-------++-------
  Melee: War axe           |    89 |    90 ||   179
    Use: Scroll            |       |     2 ||     2
         Potion            |       |     1 ||     1
 Armour: Scale mail        |    38 |    20 ||    58
  Dodge: Dodged            |    37 |    47 ||    84
  Block: Buckler           |    24 |    27 ||    51

Table legend: (Time is in decaauts)
 A = Elapsed time spent in this place.
 B = Non-inter-level travel time spent in this place.
 C = Inter-level travel time spent in this place.
 D = Time resting spent in this place.
 E = Time spent auto-exploring this place.
 F = Levels seen in this place.
 G = Mean time per level.
                   A        B        C        D        E       F      G
               +--------+--------+--------+--------+--------+-----+--------+
         Total |   3186 |   3096 |     90 |    117 |   2347 |   4 |  796.5 |
       Dungeon |   3186 |   3096 |     90 |    117 |   2347 |   4 |  796.5 |
               +--------+--------+--------+--------+--------+-----+--------+

Top non-repeatable levels by time:
     D:3: 1216 daAuts
     D:1: 916 daAuts
     D:2: 646 daAuts
     D:4: 406 daAuts
